 Dungeon Crawl Stone Soup version 0.32-a0-30-gefbe487952 (webtiles) character file.

Game seed: 3525768691541166727

69 zazu2006 the Martial Artist (level 4, 0/34 HPs)
             Began as a Gnoll Wanderer on Jan 19, 2024.
             Succumbed to an adder's poison
             ... on level 2 of the Dungeon.
             The game lasted 00:01:54 (990 turns).

zazu2006 the Martial Artist (Gnoll Wanderer)         Turns: 990, Time: 00:01:54

Health: 0/34       AC:  4    Str: 13    XL:     4   Next: 20%
Magic:  5/5        EV: 11    Int:  9    God:
Gold:   67         SH:  0    Dex: 14    Spells: 5/5 levels left

rFire   . . .        a - +0 war axe
rCold   . . .        (no shield)
rNeg    . . .        e - +0 leather armour
rPois   .            (no helmet)
rElec   .            (no cloak)
rCorr   .            c - +0 pair of gloves
SInv    .            (no boots)
Will    .....        (no amulet)
Stlth   ++           (no ring)
HPRegen 0.25/turn    (no ring)
MPRegen 0.09/turn

%: no passive effects
@: lethally poisoned (0 -> -6)
A: fangs 1, strong nose, distributed training
a: no special abilities


You were on level 2 of the Dungeon.
You visited 1 branch of the dungeon, and saw 2 of its levels.

You collected 67 gold pieces.

Inventory:

Hand Weapons
 a - a +0 war axe (weapon)
Armour
 c - a +0 pair of gloves (worn)
 e - a +0 leather armour (worn)
Scrolls
 d - a scroll of fear
 f - a scroll of enchant weapon {unknown}
 h - a scroll of amnesia {unknown}
 i - a scroll of identify {unknown}
Potions
 g - a potion of heal wounds {unknown}


   Skills:
 + Level 2.7 Fighting
 + Level 1.1 Short Blades
 + Level 1.1 Long Blades
 + Level 8.5 Axes
 + Level 1.1 Maces & Flails
 + Level 1.1 Polearms
 + Level 1.1 Staves
 + Level 1.1 Ranged Weapons
 + Level 1.1 Throwing
 + Level 1.1 Armour
 + Level 1.1 Dodging
 + Level 2.5 Stealth
 + Level 1.1 Shields
 + Level 8.5 Unarmed Combat
 + Level 1.1 Spellcasting
 + Level 0.8 Conjurations
 + Level 0.8 Hexes
 + Level 0.8 Summonings
 + Level 0.8 Necromancy
 + Level 0.8 Translocations
 + Level 0.8 Fire Magic
 + Level 0.8 Ice Magic
 + Level 0.8 Air Magic
 + Level 0.8 Earth Magic
 + Level 0.8 Alchemy
 + Level 1.2 Invocations
 + Level 1.1 Evocations
 + Level 1.0 Shapeshifting


You had 5 spell levels left.
You didn't know any spells.
Your spell library was empty.

Dungeon Overview and Level Annotations

Branches:
Dungeon (2/15)

Altars:


Innate Abilities, Weirdness & Mutations

You have very sharp teeth.
Your uncanny sense of smell can sniff out nearby items.
Your experience applies equally to all skills.


Message History

You barely miss the adder.
The adder is lightly wounded.
You barely miss the adder.
You feel very sick. The adder bites you.
You are lethally poisoned!
The adder poisons you! The adder bites you but does no damage.
You slash the adder!
You kill the adder!
You closely miss the adder.
* * * LOW HITPOINT WARNING * * *
You feel very sick.
The adder bites you but does no damage. x2
Unknown command.
You closely miss the adder. Your bite misses the adder.
* * * LOW HITPOINT WARNING * * *
You feel very sick. The adder bites you but does no damage.
Unknown command.
You feel better. The adder bites you.
You barely miss the adder. The adder bites you.
* * * LOW HITPOINT WARNING * * *
You are poisoned.
The adder poisons you! The adder barely misses you.
You closely miss the adder. Your bite misses the adder.
* * * LOW HITPOINT WARNING * * *
You feel sick. The adder barely misses you.
You hit the adder. You punch the adder!
The adder is almost dead.
You feel sick. The adder bites you.
* * * LOW HITPOINT WARNING * * *
You are more poisoned.
The adder poisons you!
You barely miss the adder.
The adder is almost dead.
* * * LOW HITPOINT WARNING * * *
You feel sick. The adder closely misses you. The adder misses you.
You hit the adder.
You kill the adder!
You die...

................
..............#
..............+
#######.......#
### #.........#
... ##........#
#.# #.....####
#.# .#. ####.##
###.#..... #.#
#.@†).#
#.#####.#......#
#.....#.########
#####.#.###
#.#...# #.###.#
#.....# #######


There were no monsters in sight!

Vanquished Creatures
  Jessica (D:2)
  2 adders (D:2)
  A ribbon worm (D:2)
  4 endoplasms (D:1)
  2 giant cockroaches (D:1)
  2 goblins (D:1)
  A hobgoblin (D:1)
  3 jackals (D:1)
  A kobold (D:1)
  3 quokkas (D:1)
  3 ball pythons
  A bat (D:1)
  4 frilled lizards
  4 rats (D:1)
32 creatures vanquished.

Notes
Turn   | Place    | Note
-------+----------+-------------------------------------------
     0 | D:1      | zazu2006 the Gnoll Wanderer began the quest for the Orb.
     0 | D:1      | zazu2006 set off with the following items: a +0 war axe, a
                  | potion of curing, a +0 pair of gloves, a scroll of fear, a
                  | +0 leather armour.
     0 | D:1      | Reached XP level 1. HP: 17/17 MP: 1/1
   111 | D:1      | Reached XP level 2. HP: 18/23 MP: 2/2
   510 | D:1      | Reached XP level 3. HP: 28/28 MP: 3/3
   653 | D:1      | You fall into a shaft and drop 1 floor!
   908 | D:2      | Reached skill level 1 in Invocations
   972 | D:2      | Noticed Jessica
   977 | D:2      | Killed Jessica
   978 | D:2      | Reached skill level 1 in Short Blades
   978 | D:2      | Reached skill level 1 in Long Blades
   978 | D:2      | Reached skill level 1 in Maces & Flails
   978 | D:2      | Reached skill level 1 in Polearms
   978 | D:2      | Reached skill level 1 in Staves
   978 | D:2      | Reached skill level 1 in Ranged Weapons
   978 | D:2      | Reached skill level 1 in Throwing
   978 | D:2      | Reached skill level 1 in Armour
   978 | D:2      | Reached skill level 1 in Dodging
   978 | D:2      | Reached skill level 1 in Shields
   978 | D:2      | Reached skill level 1 in Spellcasting
   978 | D:2      | Reached skill level 1 in Evocations
   978 | D:2      | Reached skill level 1 in Shapeshifting
   978 | D:2      | Reached XP level 4. HP: 34/34 MP: 5/5
   989 | D:2      | HP: 1/34 [poisoned by an adder]
   990 | D:2      | Succumbed to an adder's poison

Illustrated notes

Levels and vault maps discovered:
D:1:      saegor_arrival_simple_e, layout_loops_ring, minmay_splitting_lines
D:2:      kennysheep_big_flooded_room, layout_basic,
          dreamdust_ecumenical_altar_sealed_demon, uniq_jessica

Skill      XL: |  1  2  3 |
---------------+----------+-----
Invocations    | 1 |  1.2
Short Blades   | 1 |  1.1
Long Blades    | 1 |  1.1
Maces & Flails | 1 |  1.1
Polearms       | 1 |  1.1
Staves         | 1 |  1.1
Ranged Weapons | 1 |  1.1
Throwing       | 1 |  1.1
Armour         | 1 |  1.1
Dodging        | 1 |  1.1
Shields        | 1 |  1.1
Spellcasting   | 1 |  1.1
Evocations     | 1 |  1.1
Shapeshifting  | 1 |  1.0
Fighting       | |  2.7
Axes           | |  8.5
Stealth        | |  2.5
Unarmed Combat | |  8.5
Conjurations   | |  0.8
Hexes          | |  0.8
Summonings     | |  0.8
Necromancy     | |  0.8
Translocations | |  0.8
Fire Magic     | |  0.8
Ice Magic      | |  0.8
Air Magic      | |  0.8
Earth Magic    | |  0.8
Alchemy        | |  0.8

Action                     |  1- 3 |  4- 6 || total
---------------------------+-------+-------++-------
  Melee: War axe           |    62 |    11 ||    73
         Punch             |     3 |     1 ||     4
         Bite              |     2 |     1 ||     3
    Use: Potion            |       |     1 ||     1
   Stab: Sleeping          |     3 |       ||     3
 Armour: Leather armour    |    34 |    15 ||    49
  Dodge: Dodged            |    34 |     9 ||    43

Table legend: (Time is in decaauts)
 A = Elapsed time spent in this place.
 B = Non-inter-level travel time spent in this place.
 C = Inter-level travel time spent in this place.
 D = Time resting spent in this place.
 E = Time spent auto-exploring this place.
 F = Levels seen in this place.
 G = Mean time per level.
                   A        B        C        D        E       F      G
               +--------+--------+--------+--------+--------+-----+--------+
         Total |    995 |    967 |     28 |      0 |    764 |   2 |  497.5 |
       Dungeon |    995 |    967 |     28 |      0 |    764 |   2 |  497.5 |
               +--------+--------+--------+--------+--------+-----+--------+

Top non-repeatable levels by time:
     D:1: 889 daAuts
     D:2: 106 daAuts
